 Dungeon Crawl Stone Soup version 0.25-a0-803-g58bd18402a (webtiles) character file.

Game seed: 8246438204539920482, levelgen mode: deterministic

12408 guioppo the Slicer (level 11, -9/95 HPs)
             Began as a Yellow Draconian Berserker on Apr 19, 2020.
             Was an Elder of Trog.
             Mangled by a tentacle (22 damage)
             ... attached to a kraken
             ... on level 1 of the Shoals.
             The game lasted 01:25:34 (8336 turns).

guioppo the Slicer (Yellow Draconian Berserker)     Turns: 8336, Time: 01:25:34

Health: -9/95      AC: 13    Str: 26    XL:     11   Next: 62%
Magic:  2/2        EV: 16    Int: 16    God:    Trog [****..]
Gold:   373        SH:  0    Dex: 12    Spells: 10/10 levels left

rFire    . . .     SeeInvis .   K - +9 rapier "Ewnab" {drain, MP-9 Str+3 Int+8 Stlth+}
rCold    . . .     Gourm    +   (no shield)
rNeg     . . .     Faith    .   (armour unavailable)
rPois    .         Spirit   .   (helmet restricted)
rElec    .         Reflect  .   r - scarf {cloud immunity}
rCorr    +         Harm     .   (no gloves)
MR       .....                  p - +2 pair of boots {Fly}
Stlth    ++++++....             I - amulet of the gourmand
HPRegen  0.25/turn              m - ring of stealth
MPRegen  0.08/turn              h - +3 ring of protection

@: flying
A: spit acid, unfitting armour, strong 1, cold-blooded, MP-powered wands, acid
resistance, AC +7
a: Breathe Acid, Berserk, Trog's Hand, Brothers in Arms, Renounce Religion, Stop
Flying


You were on level 1 of the Shoals.
You worshipped Trog.
Trog was greatly pleased with you.
You were completely stuffed.

You visited 4 branches of the dungeon, and saw 13 of its levels.

You collected 595 gold pieces.
You spent 222 gold pieces at shops.

Inventory:

Hand Weapons
 f - a +1 vorpal war axe
 v - a +0 flail of venom
 A - a +0 dagger of venom
 G - the +2 dagger "Ystrexka" {elec, Int+4 Dex+3}
   (You found it on level 5 of the Dungeon)

   Occasionally, upon striking a foe, it will discharge some electrical energy
   and cause terrible harm.
   It affects your intelligence (+4).
   It affects your dexterity (+3).
 K - the +9 rapier "Ewnab" (weapon) {drain, MP-9 Str+3 Int+8 Stlth+}
   (You found it on level 6 of the Dungeon)

   A truly terrible weapon, it drains the life of those it strikes.
   It affects your strength (+3).
   It affects your intelligence (+8).
   It affects your magic capacity (-9).
   It makes you more stealthy.
Missiles
 g - 223 stones (quivered)
Armour
 p - a +2 pair of boots of flying (worn)
 r - a scarf of cloud immunity (worn)
 s - a +1 pair of boots of stealth
Jewellery
 h - a +3 ring of protection (right hand)
 k - an uncursed ring of stealth
 m - a ring of stealth (left hand)
 H - an uncursed ring of protection from fire
 I - an amulet of the gourmand (around neck)
Wands
 n - a wand of flame (23)
 o - a wand of disintegration (11)
 y - a wand of random effects (16)
 z - a wand of digging (2)
Scrolls
 a - 3 scrolls of identify
 d - a scroll of blinking
 i - 10 scrolls of remove curse
 x - a scroll of fear
 B - 3 scrolls of teleportation
Potions
 e - 2 potions of heal wounds
 j - 3 potions of curing
 q - 2 potions of brilliance
 t - a potion of ambrosia
 u - 2 potions of flight
 w - a potion of haste
 D - a potion of magic
Miscellaneous
 l - a lightning rod (4/4)
Comestibles
 b - 26 rations
 c - 6 chunks of flesh


   Skills:
 + Level 8.7 Fighting
 + Level 9.8 Short Blades
 + Level 7.7(8.2) Axes
   Level 3.9(6.3) Polearms
 + Level 7.8 Dodging
 + Level 8.5 Stealth


You had 10 spell levels left.
You didn't know any spells.
Your spell library contained the following spells:

 Spells                   Type           Power        Failure   Level  Hunger
 Magic Dart               Conj           #...         26%         1    ##.....
 Blink                    Tloc           N/A          36%         2    ###....
 Call Imp                 Summ           #.......     36%         2    ###....
 Slow                     Hex            #.......     36%         2    ###....
 Conjure Flame            Conj/Fire      #.......     58%         3    ####...
 Mephitic Cloud           Conj/Pois/Air  #.......     58%         3    ####...


Dungeon Overview and Level Annotations

Branches:
Dungeon (10/15)            Temple (1/1) D:6            Lair (2/6) D:10
 Shoals (1/4) Lair:2       Spider (0/4) Lair:2
    Orc: D:9-12

Altars:
Cheibriados
Dithmenos
Elyvilon
Fedhas
Gozag
Hepliaklqana
Kikubaaqudgha
Okawaru
Qazlal
Ru
Sif Muna
Uskayaw
Vehumet
Wu Jian
Xom
Zin
The Shining One

Shops:
D:9 [   Shoals:1 (


Innate Abilities, Weirdness & Mutations

You can spit globs of acid.
Your golden yellow scales are hard. (AC +7)
You cannot fit into any form of body armour.
You are cold-blooded and may be slowed by cold attacks.
You are resistant to acid. (rCorr)
Your muscles are strong. (Str +2)
You expend magic power (3 MP) to strengthen your wands.


Message History

The tentacle slaps you. The tentacle barely misses you.
The tentacle closely misses you. x2
A tentacle segment bursts forth from the water. x2
You barely miss the tentacle.
The tentacle is lightly wounded.
The tentacle closely misses you. The tentacle barely misses you.
The tentacle slaps you! The tentacle slaps you.
A tentacle segment bursts forth from the water. x2
You puncture the tentacle!
You tail-slap the tentacle, but do no damage.
The tentacle is heavily wounded.
The tentacle misses you. The tentacle slaps you. The tentacle misses you.
The tentacle slaps you.
A tentacle segment bursts forth from the water. x2
You barely miss the tentacle.
The tentacle is moderately wounded.
The tentacle slaps you!!
* * * LOW HITPOINT WARNING * * *
The tentacle slaps you!!
You die...

.≈≈≈≈≈≈≈≈≈≈≈≈≈≈≈≈≈≈≈≈≈≈≈
..≈≈≈≈≈≈≈≈≈≈≈≈≈≈≈≈≈≈≈≈≈≈
..≈.∩....≈≈≈≈≈≈≈≈≈≈≈≈≈≈≈
.............≈≈≈≈≈≈≈≈≈≈≈
..........##...≈≈≈≈≈≈≈≈≈
..........###....≈≈≈≈≈≈≈
..........# ##...≈≈≈≈≈≈≈
..........# #..≈≈≈≈≈≈≈≈
..........#####w@≈≈≈≈≈≈≈
...≈≈.....#...*www≈≈≈≈≈≈
..≈≈≈..≈≈...≈≈≈≈≈≈≈≈≈≈≈≈
.≈≈≈≈..≈≈≈≈≈≈≈≈≈X≈≈≈≈≈≈≈
..≈≈≈≈≈≈≈≈≈≈≈≈≈≈≈≈≈≈≈≈≈≈
..≈.≈≈≈≈≈≈≈≈≈≈≈≈≈≈≈≈≈≈≈≈
#.≈≈≈≈≈≈≈≈≈≈≈≈≈≈≈≈≈≈≈≈≈≈
..≈≈≈≈≈≈≈≈≈≈≈≈≈≈≈≈≈≈≈≈≈≈
≈≈≈≈≈≈≈≈≈≈≈≈≈≈≈≈≈≈≈≈≈≈


You could see a kraken and 4 tentacles.

Vanquished Creatures
  The ghost of Owkoczula the Blocker, a journeyman FoFi (D:10)
  A hydra (Lair:2)
  A catoblepas (Lair:2)
  A black mamba (Lair:2)
  A spiny frog (Lair:2)
  4 komodo dragons
  A troll (D:10)
  2 merfolk (Shoals:1)
  2 hippogriffs
  A slime creature (D:10)
  A water elemental (Shoals:1)
  A wyvern (Lair:2)
  A basilisk (Lair:1)
  Grum (D:10)
  9 yaks
  A steam dragon (D:10)
  An acid dragon (D:9)
  6 water moccasins
  9 porcupines
  A sky beast (D:9)
  2 orc warriors
  3 ice beasts
  A black bear (D:9)
  5 wolves
  A centaur (D:10)
  The ghost of Asagix the Covered, an amateur HuWn of Trog (D:4)
  5 crocodiles
  7 bullfrogs
  3 scorpions
  A water moccasin skeleton (D:9)
  10 killer bees (D:9)
  A howler monkey (D:10)
  2 crimson imps
  3 centaur zombies
  4 jellies
  A bullfrog skeleton (D:4)
  4 orc priests
  4 hounds
  7 orc wizards
  11 worker ants
  A hound zombie (D:6)
  2 hound skeletons
  3 gnolls (D:6)
  5 adders
  A shadow imp (D:9)
  4 oozes
  An adder skeleton (D:6)
  2 worms
  3 dart slugs
  3 leopard geckos
  27 orcs
  5 giant cockroaches
  6 goblins
  6 hobgoblins
  10 jackals
  6 kobolds
  4 quokkas
  A ball python (D:1)
  4 bats
  4 frilled lizards
  2 jackal skeletons
  2 leopard gecko skeletons
  A quokka skeleton (D:6)
  A quokka zombie (D:5)
  5 rats
  5 fungi
  2 plants
238 creatures vanquished.

Vanquished Creatures (others)
  A scorpion (D:10)
  An orc priest (D:10)
  An adder (D:10)
  2 fungi (Lair:2)
  5 tentacles (Shoals:1)
10 creatures vanquished.

Grand Total: 248 creatures vanquished

Notes
Turn   | Place    | Note
-------+----------+-------------------------------------------
     0 | D:1      | guioppo the Draconian Berserker began the quest for the
                  | Orb.
     0 | D:1      | Reached XP level 1. HP: 19/19 MP: 1/1
   179 | D:1      | Reached XP level 2. HP: 25/26 MP: 2/2
   536 | D:1      | Reached XP level 3. HP: 29/31 MP: 3/3
   577 | D:1      | Reached ** piety under Trog
  1293 | D:2      | Found an ornate altar of the Wu Jian Council.
  1340 | D:2      | Reached XP level 4. HP: 39/39 MP: 4/4
  1726 | D:2      | Found an opulent altar of Gozag.
  1726 | D:2      | Found a glowing silver altar of Zin.
  2024 | D:3      | Reached skill level 1 in Stealth
  2356 | D:3      | Reached skill level 1 in Axes
  2403 | D:3      | Reached XP level 5. HP: 35/46 MP: 5/5
  2605 | D:4      | Found a hazy altar of Hepliaklqana.
  2842 | D:4      | Noticed Asagix's ghost (amateur HuWn)
  2843 | D:4      | Found a transporter.
  2846 | D:4      | Found a transporter.
  2865 | D:4      | Reached XP level 6. HP: 50/52 MP: 6/6
  2903 | D:4      | Killed Asagix's ghost
  3045 | D:4      | Reached *** piety under Trog
  3104 | D:4      | Your scales start taking on a golden yellow colour.
  3104 | D:4      | Reached XP level 7. HP: 36/60 MP: 7/7
  3104 | D:4      | Gained mutation: You are resistant to acid. (rCorr) [Yellow
                  | Draconian growth]
  3458 | D:5      | Entered Level 5 of the Dungeon
  3710 | D:5      | Reached skill level 5 in Axes
  3787 | D:5      | Gained mutation: Your muscles are strong. (Str +2) [potion
                  | of mutation]
  3787 | D:5      | Gained mutation: You expend magic power (3 MP) to
                  | strengthen your wands. [potion of mutation]
  3917 | D:5      | Reached skill level 5 in Fighting
  3984 | D:5      | Got a polished dagger
  4082 | D:5      | Reached XP level 8. HP: 68/68 MP: 8/8
  4750 | D:6      | Found a staircase to the Ecumenical Temple.
  4789 | Temple   | Entered the Ecumenical Temple
  4942 | D:6      | Got a transparent rapier
  4997 | D:6      | Identified the +9 rapier "Ewnab" {drain, MP-9 Str+3 Int+8
                  | Stlth+} (You found it on level 6 of the Dungeon)
  4998 | D:6      | Identified the cursed +2 dagger "Ystrexka" {elec, Int+4
                  | Dex+3} (You found it on level 5 of the Dungeon)
  5450 | D:7      | You fall into a shaft and drop 2 floors!
  5460 | D:9      | Reached skill level 5 in Dodging
  5465 | D:9      | Reached skill level 1 in Short Blades
  5582 | D:9      | Reached XP level 9. HP: 38/75 MP: 0/9
  5632 | D:9      | Found a shimmering altar of Xom.
  5721 | D:9      | Reached skill level 2 in Short Blades
  5733 | D:9      | Reached **** piety under Trog
  5814 | D:9      | Reached skill level 3 in Short Blades
  5847 | D:9      | Found a white marble altar of Elyvilon.
  5874 | D:9      | Found Nifumami's Armour Shop.
  5890 | D:9      | Reached skill level 5 in Stealth
  5928 | D:9      | Bought a +0 pair of boots of flying for 138 gold pieces
  5928 | D:9      | Bought a scarf of cloud immunity for 84 gold pieces
  5959 | D:9      | Found a glowing golden altar of the Shining One.
  6063 | D:9      | Reached skill level 4 in Short Blades
  6273 | D:10     | Entered Level 10 of the Dungeon
  6299 | D:10     | Found a runed translucent gate.
  6300 | D:10     | Found a runed translucent gate.
  6302 | D:10     | Found a runed translucent gate.
  6310 | D:10     | Noticed Owkoczula's ghost (journeyman FoFi)
  6354 | D:10     | Killed Owkoczula's ghost
  6354 | D:10     | Reached skill level 5 in Short Blades
  6354 | D:10     | Reached XP level 10. HP: 40/86 MP: 1/10
  6404 | D:10     | Found a hide-covered altar of Uskayaw.
  6417 | D:10     | Noticed Grum
  6432 | D:10     | Killed Grum
  6434 | D:10     | Reached skill level 6 in Short Blades
  6522 | D:10     | Found a staircase to the Lair.
  6548 | Lair:1   | Entered Level 1 of the Lair of Beasts
  6735 | Lair:1   | Reached skill level 7 in Short Blades
  7039 | Lair:1   | Reached skill level 8 in Short Blades
  7546 | Lair:2   | Reached XP level 11. HP: 91/94 MP: 2/11
  7644 | Lair:2   | Noticed a catoblepas
  7651 | Lair:2   | Killed a catoblepas
  7705 | Lair:2   | Found a staircase to the Shoals.
  7755 | Lair:2   | Reached skill level 9 in Short Blades
  7794 | Lair:2   | Found a hole to the Spider Nest.
  7826 | Lair:2   | HP: 1/94 [water moccasin (6)]
  7903 | Lair:2   | Noticed a five-headed hydra
  7921 | Lair:2   | Killed a five-headed hydra
  8209 | Shoals:1 | Entered Level 1 of the Shoals
  8209 | Shoals:1 | Found Yhoelei's Weapon Boutique.
  8290 | Shoals:1 | Noticed a kraken
  8336 | Shoals:1 | Mangled by a tentacle

Levels and vault maps discovered:
D:1:      lemuel_arrival_lava_pool, layout_basic
D:2:      layout_loops_ring, grunt_temple_overflow_gold_and_silver,
          old_standard_altar
D:3:      layout_basic
D:4:      layout_loops_corners, old_standard_altar, gammafunk_ghost_arena
D:5:      layout_basic, first_ration
D:6:      layout_basic, minmay_temple_entry_steel_oval, interstate_on_off
D:7:      layout_basic, makhleb_altar_promises_db, uniq_prince_ribbit1,
          uniq_duvessa
D:9:      layout_basic, nicolae_tso_swordbearing_angel, kennysheep_little_box,
          lemuel_crystal_altar, serial_shops, shop_statue
D:10:     layout_roguey, lair_entry_dummy, zombieorc2_lemuel,
          gammafunk_ghost_split, basic_altar, minmay_bent, uniq_grum
Temple:   cyrus_temple_forest
Lair:1:   layout_cave_pods, grunt_forest_small_clearings, beast_lair_carwin_2
Lair:2:   layout_long_grid, elwin_shoals_entry_rocks, spider_nest_entry_a,
          grunt_megastairs_3
Shoals:1: layout_shoals, serial_shops, shop, shop,
          nicolae_shop_temple_entry_statues_fountains,
          nicolae_shop_window_shopping, shop

Skill      XL: |  1  2  3  4  5  6  7  8  9 10 11 |
---------------+----------------------------------+-----
Dodging        | 3 4 5 6 7 |  7.8
Stealth        | 1 2 3 4 5 7 8 |  8.5
Axes           | 1 3 4 6 7 |  7.7
Fighting       | 4 5 7 8 |  8.7
Short Blades   | 1 5 8 9 |  9.8
Polearms       | |  3.9

Action                   |  1- 3 |  4- 6 |  7- 9 | 10-12 || total
-------------------------+-------+-------+-------+-------++-------
Melee: Spear             |   132 |       |       |       ||   132
       Tailslap          |    11 |    10 |    25 |    42 ||    88
       War axe           |    20 |   149 |   128 |       ||   297
       Rapier            |       |       |    96 |   251 ||   347
Invok: Berserk           |     4 |     4 |     7 |     7 ||    22
       Trog's Hand       |       |     2 |     7 |     7 ||    16
 Abil: Breathe Acid      |       |       |     7 |     3 ||    10
  Use: Scroll            |     8 |     1 |     5 |     4 ||    18
       Potion            |     6 |     1 |     2 |     5 ||    14
 Stab: Sleeping          |     4 |     2 |    18 |    11 ||    35
       Distracted        |       |       |     2 |     2 ||     4
  Eat: Chunk             |     4 |    11 |    31 |    19 ||    65
Armor: Skin              |    44 |    65 |   101 |    56 ||   266
Dodge: Dodged            |   124 |   124 |   210 |   156 ||   614

Table legend:
 A = Non-vault XP
 B = Vault XP
 C = Vault XP percentage of total XP
 D = Non-vault monster count
 E = Vault monster count
 F = Vault count percentage of total count
                 A         B        C        D         E       F
            +---------+---------+-------+---------+---------+-------
      Total |   14276 |    3450 |  19.5 |     207 |      24 |  10.4
            +---------+---------+-------+---------+---------+-------
        D:1 |      52 |       0 |   0.0 |      28 |       0 |   0.0
        D:2 |      72 |       0 |   0.0 |      21 |       0 |   0.0
        D:3 |      75 |       0 |   0.0 |      15 |       0 |   0.0
        D:4 |     361 |     224 |  38.3 |      17 |       5 |  22.7
        D:5 |     693 |       0 |   0.0 |      19 |       0 |   0.0
        D:6 |     576 |       0 |   0.0 |      27 |       0 |   0.0
        D:7 |     227 |       0 |   0.0 |       4 |       0 |   0.0
        D:9 |    1957 |       0 |   0.0 |      30 |       0 |   0.0
       D:10 |     218 |    2465 |  91.9 |       2 |      13 |  86.7
     Lair:1 |    3145 |     487 |  13.4 |      17 |       4 |  19.0
     Lair:2 |    6097 |     274 |   4.3 |      24 |       2 |   7.7
   Shoals:1 |     803 |       0 |   0.0 |       3 |       0 |   0.0
            +---------+---------+-------+---------+---------+-------
